 Dungeon Crawl Stone Soup version 0.22-a0-422-g9628fc8 (webtiles) character file.

3537 GameOver the Sneak (level 10, 0/75 HPs)
             Began as a Naga Wizard on May 22, 2018.
             Was an Elder of Kikubaaqudgha.
             Slain by a basilisk (6 damage)
             ... on level 8 of the Dungeon.
             The game lasted 01:01:11 (7153 turns).

GameOver the Sneak (Naga Wizard)                    Turns: 7153, Time: 01:01:12

Health: 0/75       AC: 10    Str:  9    XL:     10   Next: 8%
Magic:  3/17       EV:  1    Int: 22    God:    Kikubaaqudgha [****..]
Gold:   299        SH:  0    Dex: 10    Spells: 5/19 levels left

rFire    . . .     SeeInvis +   x - +0 trident (pierce)
rCold    . . .     Gourm    .   (no shield)
rNeg     + + +     Faith    .   H - +2 leather armour {rN+}
rPois    ∞         Spirit   .   I - +1 hat
rElec    .         Reflect  .   D - +0 cloak
rCorr    .         Harm     .   E - +0 pair of gloves
MR       +....                  (no barding)
Stlth    ++++......             (no amulet)
HPRegen  0.22/turn              i - ring of stealth
MPRegen  0.15/turn              (no ring)

@: petrified, very slow
A: large, see invisible, deformed body, poison resistance, slowness 2, slow
metabolism 1, spit poison 1, AC +3
a: Spit Poison, Receive Corpses, Renounce Religion


You were on level 8 of the Dungeon.
You worshipped Kikubaaqudgha.
Kikubaaqudgha was greatly pleased with you.
You were not hungry.

You visited 2 branches of the dungeon, and saw 9 of its levels.
You also visited: Ossuary.

You collected 299 gold pieces.

Inventory:

Hand Weapons
 s - a +0 short sword
 w - a +1 long sword of slicing
 x - a +0 trident of piercing (weapon)
 A - a +2 short sword of holy wrath
 C - a +0 halberd of flaming
Missiles
 q - 7 javelins of penetration (quivered)
 y - 18 bolts
Armour
 D - a +0 cloak (worn)
 E - a +0 pair of gloves (worn)
 H - a +2 leather armour of positive energy (worn)
 I - a +1 hat (worn)
Jewellery
 i - a ring of stealth (left hand)
Wands
 l - a wand of digging (14)
 o - a wand of iceblast (6)
 r - a wand of polymorph (19)
 G - a wand of random effects (23)
Scrolls
 b - a scroll of amnesia
 f - a scroll of enchant weapon
 h - 2 scrolls of enchant armour
 j - 2 scrolls of remove curse
 m - 3 scrolls of teleportation
 z - a scroll of magic mapping {unknown}
 B - a scroll of immolation {unknown}
Potions
 e - a potion of mutation {unknown}
 g - a potion of curing
 k - 3 potions of flight
 n - a potion of resistance
 p - 2 potions of cancellation
 t - a potion of might {unknown}
 u - a potion of haste
 v - a potion of agility
 F - a potion of magic
Comestibles
 a - 6 chunks of flesh
 d - 15 rations


   Skills:
 * Level 3.5 Armour
 - Level 1.5 Dodging
 - Level 6.0 Stealth
 + Level 5.2 Spellcasting
 - Level 6.0 Conjurations
   Level 1.0 Summonings
 * Level 5.2 Necromancy
 + Level 3.8 Translocations
 - Level 4.1 Fire Magic
 - Level 4.5 Air Magic
 - Level 6.0 Poison Magic


You had 5 spell levels left.
You knew the following spells:

 Your Spells              Type           Power        Failure   Level  Hunger
a - Magic Dart            Conj           ####         1%          1    None
b - Blink                 Tloc           N/A          4%          2    None
d - Conjure Flame         Conj/Fire      ####....     4%          3    ##.....
f - Bolt of Draining      Conj/Necr      ####......   36%         5    #####..
s - Mephitic Cloud        Conj/Pois/Air  ####....     4%          3    ##.....

Your spell library contained the following spells:

 Spells                   Type           Power        Failure   Level  Hunger
 Cause Fear               Hex            #.........   80%         4    ####...
 Slow                     Hex            #.......     21%         2    None
 Animate Dead             Necr           N/A          16%         4    ####...
 Pain                     Necr           ####         1%          1    None
 Animate Skeleton         Necr           N/A          1%          1    None
 Call Imp                 Summ           ##......     14%         2    None
 Dispel Undead            Necr           ####....     41%         5    #####..
 Regeneration             Chrm/Necr      ###.......   14%         3    ##.....
 Sublimation of Blood     Necr           ####......   2%          2    None
 Agony                    Necr           ####....     41%         5    #####..
 Corona                   Hex            #......      14%         1    None
 Excruciating Wounds      Chrm/Necr      ###.......   77%         5    #####..
 Portal Projectile        Hex/Tloc       ##....       19%         3    ##.....
 Leda's Liquefaction      Hex/Erth       #.........   80%         4    ####...
 Inner Flame              Hex/Fire       ##......     17%         3    ##.....


Dungeon Overview and Level Annotations

Branches:
Dungeon (8/15)             Temple (1/1) D:4
   Lair: D:8-11

Altars:
Ashenzari
Elyvilon
Fedhas
Gozag
Hepliaklqana
Kikubaaqudgha
Makhleb
Nemelex Xobeh
Okawaru
Qazlal
Ru
Sif Muna
Uskayaw
Vehumet
Wu Jian
Xom
Yredelemnul
Zin
The Shining One

Annotations:
D:4 Jynxie's ghost, novice GnAK


Innate Abilities, Weirdness & Mutations

You cannot wear boots.
Your serpentine skin is tough. (AC +3)
You have supernaturally acute eyesight. (SInv)
Armour fits poorly on your strangely shaped body.
Your system is resistant to poisons. (rPois)
You cover ground very slowly.
You have a slow metabolism.
You can spit poison.


Message History

The basilisk is lightly wounded.
The basilisk bites you!
* * * LOW HITPOINT WARNING * * *
You feel better. The basilisk gazes at you.
You are slowing down.
You hit the basilisk.
The basilisk is moderately wounded.
The basilisk bites you but does no damage.
The basilisk bites you!
* * * LOW HITPOINT WARNING * * *
You have turned to stone.
The basilisk gazes at you.
You easily resist.
The basilisk gazes at you.
You easily resist.
The basilisk bites you. The basilisk bites you!
You die...
Kikubaaqudgha rasps: "You have failed me!
Welcome... oblivion!" ...### .P..#. ...♣†.# .......
PP.....

.......##
......l?#
#@# #.#
#.# #.#
#†# #.##
#..# #.
##.#
#.##..#


You could see a basilisk.

Vanquished Creatures
  4 yaks (D:8)
  A hornet zombie (D:6)
  2 porcupines (D:8)
  An orc warrior (D:5)
  2 ice beasts
  2 sky beasts
  A phantom (D:5)
  A necrophage (D:6)
  A crocodile (D:8)
  3 bullfrogs
  A water moccasin zombie (D:8)
  2 scorpions
  4 killer bees (D:7)
  A howler monkey (D:6)
  5 crimson imps
  A jelly (D:4)
  3 hounds
  A gnoll shaman (D:6)
  6 orc priests
  Jessica (D:2)
  Ijyb (D:3)
  Natasha (thrice) (D:3)
  Terence (D:2)
  13 orc wizards
  A worker ant (D:6)
  A killer bee zombie (D:6)
  5 big kobold zombies (Ossuary)
  2 hound zombies
  A mummy (Ossuary)
  Robin (D:3)
  5 gnolls (D:6)
  4 adders
  A shadow imp (D:7)
  An ooze (D:3)
  An adder skeleton (D:5)
  4 worms
  2 leopard geckos
  29 orcs
  3 spectral bats (Ossuary)
  3 ball pythons
  7 bats
  4 giant cockroaches
  7 gnoll zombies (Ossuary)
  17 goblins
  8 hobgoblins
  12 jackals
  2 quokkas
  2 bat simulacra (Ossuary)
  4 frilled lizards
  4 goblin simulacra (Ossuary)
  2 goblin zombies (Ossuary)
  6 hobgoblin zombies (Ossuary)
  A jackal skeleton (D:4)
  5 kobolds
  5 kobold simulacra (Ossuary)
  5 kobold zombies (Ossuary)
  A leopard gecko zombie (D:5)
  5 orc zombies (Ossuary)
  7 rats
  A rat simulacrum (Ossuary)
  4 spectral goblins (Ossuary)
  5 spectral kobolds (Ossuary)
  2 spectral rats (Ossuary)
  A plant (D:8)
242 creatures vanquished.

Vanquished Creatures (others)
  An orc warrior (D:7)
  An orc wizard (D:7)
  2 orcs (D:5)
  A bush (D:8)
  4 fungi (D:6)
  2 plants (D:8)
11 creatures vanquished.

Grand Total: 253 creatures vanquished

Notes
Turn   | Place    | Note
-------+----------+-------------------------------------------
     0 | D:1      | GameOver the Naga Wizard began the quest for the Orb.
     0 | D:1      | Reached XP level 1. HP: 15/15 MP: 4/4
   183 | D:1      | Reached XP level 2. HP: 22/22 MP: 6/6
   729 | D:2      | Reached XP level 3. HP: 28/28 MP: 5/7
   733 | D:2      | Learned a level 2 spell: Blink
   737 | D:2      | Learned a level 3 spell: Mephitic Cloud
   878 | D:2      | Noticed Terence
  1199 | D:2      | Noticed Jessica
  1201 | D:2      | Found a glowing silver altar of Zin.
  1210 | D:2      | Killed Jessica
  1210 | D:2      | Reached skill level 1 in Poison Magic
  1210 | D:2      | Reached XP level 4. HP: 16/36 MP: 1/8
  1263 | D:3      | Noticed Robin
  1273 | D:3      | Killed Robin
  1273 | D:3      | Reached skill level 1 in Air Magic
  1274 | D:3      | Noticed Natasha
  1332 | D:3      | Killed Natasha
  1343 | D:2      | Reached XP level 5. HP: 24/42 MP: 2/9
  1362 | D:3      | Learned a level 3 spell: Conjure Flame
  1502 | D:3      | Noticed Natasha
  1509 | D:3      | Killed Natasha
  1635 | D:3      | Found an ornate altar of the Wu Jian Council.
  1703 | D:3      | Reached skill level 5 in Stealth
  1703 | D:3      | Reached skill level 1 in Fire Magic
  1703 | D:3      | Reached XP level 6. HP: 31/49 MP: 0/10
  1813 | D:3      | Noticed Natasha
  1820 | D:3      | Killed Natasha
  1837 | D:3      | Noticed Ijyb
  1846 | D:3      | Killed Ijyb
  2125 | D:2      | Killed Terence
  2680 | D:4      | Found a staircase to the Ecumenical Temple.
  2690 | Temple   | Entered the Ecumenical Temple
  2931 | Temple   | Became a worshipper of Kikubaaqudgha
  2955 | D:4      | Noticed Jynxie's ghost (novice GnAK)
  2968 | D:5      | Entered Level 5 of the Dungeon
  2972 | D:5      | Found a hide-covered altar of Uskayaw.
  2993 | D:5      | Noticed a phantom
  3014 | D:5      | Killed a phantom
  3014 | D:5      | Reached XP level 7. HP: 30/55 MP: 2/11
  3083 | D:5      | Found a sacrificial altar of Ru.
  3096 | D:5      | Found a white marble altar of Elyvilon.
  3159 | D:5      | Found a sand-covered staircase.
  3163 | Ossuary  | Entered an ossuary
  3317 | Ossuary  | Reached * piety under Kikubaaqudgha
  3317 | Ossuary  | Identified Kikubaaqudgha's Papyrus of Stolen Souls (Kikubaaqudgha gifted it to you in an ossuary)
  3317 | Ossuary  | Received a gift from Kikubaaqudgha
  3616 | Ossuary  | Reached ** piety under Kikubaaqudgha
  3836 | Ossuary  | Reached skill level 5 in Conjurations
  4314 | D:5      | HP: 2/55 [orc priest/divine providence (11)]
  4503 | D:5      | Reached XP level 8. HP: 32/62 MP: 3/12
  4782 | D:6      | Found a blossoming altar of Fedhas.
  4898 | D:6      | Reached skill level 5 in Poison Magic
  5700 | D:6      | Reached *** piety under Kikubaaqudgha
  5700 | D:6      | Identified Kikubaaqudgha's Catalogue of Evil (Kikubaaqudgha gifted it to you on level 6 of the Dungeon)
  5700 | D:6      | Received a gift from Kikubaaqudgha
  5736 | D:6      | Reached XP level 9. HP: 64/68 MP: 4/14
  5752 | D:6      | Found a shimmering altar of Xom.
  5771 | D:6      | Reached skill level 1 in Necromancy
  5974 | D:6      | Learned a level 5 spell: Bolt of Draining
  6381 | D:7      | Found a blossoming altar of Fedhas.
  6456 | D:7      | Reached skill level 1 in Armour
  7083 | D:8      | Reached **** piety under Kikubaaqudgha
  7105 | D:8      | Reached skill level 5 in Spellcasting
  7115 | D:8      | Reached XP level 10. HP: 23/75 MP: 8/17
  7130 | D:8      | Reached skill level 5 in Necromancy
  7153 | D:8      | Slain by a basilisk

Vault maps used:
D:1:      lightli_arrival_chessboard, minmay_tetromino_t2
D:2:      lemuel_coloured_pillars_altar, uniq_jessica, uniq_terence
D:3:      lemuel_doored_altar, uniq_robin, uniq_natasha, uniq_ijyb
D:4:      minmay_temple_entry_water_ring, uniq_crazy_yiuf_cottage
D:5:      elyvilon_altar_4, old_standard_altar,
          nicolae_ossuary_entry_false_entrances, basic_altar, first_ration
D:6:      nicolae_overflow_crystal_walls, fedhas_altar_3
D:7:      basic_altar
D:8:      minmay_lair_entry_grove, uniq_pikel
Temple:   oiseaux_autumnal_temple
Ossuary:  ossuary_zaba_two_paths

Skill      XL: |  1  2  3  4  5  6  7  8  9 10 |
---------------+-------------------------------+-----
Conjurations   | 2 3 4 5 6 |  6.0
Stealth        | 4 5 6 |  6.0
Poison Magic   | 1 2 3 4 6 |  6.0
Air Magic      | 1 2 3 4 |  4.5
Fire Magic     | 1 2 4 |  4.1
Spellcasting   | 5 |  5.2
Necromancy     | 4 5 |  5.2
Translocations | 3 |  3.8
Armour         | 3 |  3.5
Dodging        | |  1.5
Summonings     | |  1.0

Action                   |  1- 3 |  4- 6 |  7- 9 | 10-12 || total
-------------------------+-------+-------+-------+-------++-------
Melee: Short sword       |     1 |       |    38 |       ||    39
       Trident           |     3 |    31 |   172 |     4 ||   210
       Long sword        |       |       |   133 |       ||   133
 Cast: Magic Dart        |    21 |    92 |   292 |     2 ||   407
       Mephitic Cloud    |       |     2 |    18 |     2 ||    22
       Blink             |       |       |     1 |       ||     1
       Conjure Flame     |       |       |       |     1 ||     1
 Abil: Spit Poison       |    32 |    42 |    74 |     6 ||   154
Evoke: Wand              |       |       |     3 |     2 ||     5
  Use: Scroll            |       |    11 |     5 |       ||    16
       Potion            |       |       |    11 |     1 ||    12
 Stab: Confused          |       |     3 |     7 |       ||    10
       Sleeping          |       |     1 |    15 |       ||    16
       Paralysed         |       |       |     3 |       ||     3
  Eat: Chunk             |     2 |     6 |    11 |     2 ||    21
       Ration            |       |       |     2 |       ||     2
Armor: Robe              |     1 |     9 |   115 |       ||   125
       Leather armour    |       |       |    15 |     3 ||    18
Dodge: Dodged            |     3 |    34 |   188 |     1 ||   226
       Rpst.: Long sword |       |       |    26 |       ||    26

Table legend:
 A = Spawn XP
 B = Non-spawn XP
 C = Spawn XP percentage of total XP
 D = Spawn monster count
 E = Non-spawn monster count
 F = Spawn count percentage of total count
 G = Total turns spent on level
                    A         B        C        D         E        F      G
               +---------+---------+-------+---------+---------+-------+---------
         Total |       0 |    5053 |   0.0 |       0 |     243 |   0.0 |  7153
               +---------+---------+-------+---------+---------+-------+---------
           D:1 |       0 |      17 |   0.0 |       0 |      11 |   0.0 |   526
           D:2 |       0 |     123 |   0.0 |       0 |      27 |   0.0 |   989
           D:3 |       0 |     356 |   0.0 |       0 |      43 |   0.0 |   745
           D:4 |       0 |      61 |   0.0 |       0 |       4 |   0.0 |   450
           D:5 |       0 |     640 |   0.0 |       0 |      17 |   0.0 |   970
           D:6 |       0 |    1375 |   0.0 |       0 |      40 |   0.0 |  1198
           D:7 |       0 |    1046 |   0.0 |       0 |      34 |   0.0 |   918
           D:8 |       0 |    1224 |   0.0 |       0 |      10 |   0.0 |   159
       Ossuary |       0 |     211 |   0.0 |       0 |      57 |   0.0 |   940
               +---------+---------+-------+---------+---------+-------+---------
